 Dungeon Crawl Stone Soup version 0.21.2 (webtiles) character file.

32 glosham the Ruffian (level 3, -4/36 HPs)
             Began as a Troll Abyssal Knight on Dec 18, 2018.
             Was a Follower of Lugonu.
             Slain by a large abomination (35 damage)
             ... on level 3 of the Abyss.
             The game lasted 00:02:53 (93 turns).

glosham the Ruffian (Troll Abyssal Knight)            Turns: 93, Time: 00:02:53

Health: -4/36      AC:  5    Str: 25      XL:     3   Next: 8%
Magic:  3/3        EV: 10    Int:  8      God:    Lugonu [*.....]
Gold:   0          SH:  0    Dex:  9 (10) Spells: 2/2 levels left

rFire    . . .     SeeInvis .     - Unarmed
rCold    . . .     Gourm    +   (no shield)
rNeg     . . .     Faith    .   a - +0 robe
rPois    .         Spirit   .   (helmet restricted)
rElec    .         Reflect  .   (no cloak)
rCorr    .         Harm     .   (gloves unavailable)
MR       .....                  (boots unavailable)
Stlth    +.........             (no amulet)
HPRegen  0.52/turn              (no ring)
MPRegen  0.08/turn              (no ring)

@: mighty
A: large, unfitting armour, claws 3, fast metabolism 3, gourmand, regeneration
1, shaggy fur 1, tough skin 2
a: Depart the Abyss, Renounce Religion


You were on level 3 of the Abyss.
You worshipped Lugonu.
Lugonu was aware of your devotion.
You were not hungry.

You visited 0 branches of the dungeon, and saw 0 of its levels.
You visited the Abyss 1 time.

Inventory:

Armour
 a - a +0 robe (worn)
Potions
 d - a potion of might
Comestibles
 b - 2 rations


   Skills:
 - Level 2.4 Fighting
 - Level 1.9 Dodging
 * Level 3.6 Unarmed Combat
 - Level 1.5 Invocations


You had 2 spell levels left.
You didn't know any spells.

Dungeon Overview and Level Annotations

Branches:
Dungeon (0/15)

Altars:


Innate Abilities, Weirdness & Mutations

You are too large for most types of armour.
You have claws for hands.
Your metabolism is lightning-fast.
You like to eat raw meat.
Your natural rate of healing is unusually fast.
You are covered in fur. (AC +1)
You have very tough skin. (AC +2)


Message History

The quasit bites you but does no damage.
The quasit barely misses you.
The quasit claws you but does no damage.
The quasit bites you but does no damage.
The quasit barely misses you.
The quasit claws you but does no damage.
You scratch the quasit.
The quasit is almost dead.
The quasit bites you but does no damage.
The quasit claws you but does no damage.
The quasit closely misses you.
You closely miss the quasit.
The quasit is almost dead.
The quasit bites you but does no damage.
The quasit claws you but does no damage.
The quasit barely misses you.
You miss the quasit.
The quasit is almost dead.
The quasit completely misses you.
The quasit claws you but does no damage. x2
You mangle the quasit!!
You kill the quasit!
You feel your dexterity returning.
Your Unarmed Combat skill increases to level 3!
You have reached level 2!
You have reached level 3!
Your experience leads to an increase in your attributes!
Your base attributes are Str 19, Int 8, Dex 9.
Increase (S)trength, (I)ntelligence, or (D)exterity?
You feel agile.
You feel stronger.
The substance of the Abyss twists violently, and a gateway leading out appears!
The large abomination closely misses you.
You claw the large abomination!
The large abomination is moderately damaged.
The large abomination hits you.
You claw the large abomination!
The large abomination is heavily damaged.
The large abomination hits you!!
Ouch! That really hurt!
You die...

# ##. .# #
##.#.#. .##
.. ..#. ....
. ##. #
#ยง#. . #. #
#
....#.#@#.#
# ..# .. . #
..
#X##....#...
### #
.X####. . .
.. .#.##. ..
####. ##
.#?... ..
.##. . .. #
. ##. X ..
... . . #.
..###..#.##
### . .
.#..#.....
...#
#...##.#
..#...#.##


You could see 2 large abominations.

Vanquished Creatures
  A quasit (Abyss:3)
1 creature vanquished.

Notes
Turn   | Place    | Note
-------+----------+-------------------------------------------
     0 | Abyss:1  | glosham the Troll Abyssal Knight began the quest for the Orb.
     0 | Abyss:1  | Reached XP level 1. HP: 22/22 MP: 1/1
    63 | Abyss:3  | Noticed a large abomination
    64 | Abyss:3  | Noticed a large abomination
    65 | Abyss:3  | Noticed a quasit
    91 | Abyss:3  | Killed a quasit
    91 | Abyss:3  | Reached skill level 3 in Unarmed Combat
    91 | Abyss:3  | Reached XP level 2. HP: 29/29 MP: 2/2
    91 | Abyss:3  | Reached XP level 3. HP: 36/36 MP: 3/3
    93 | Abyss:3  | Slain by a large abomination

Skill      XL: |  1 |
---------------+----+-----
Unarmed Combat | 3 |  3.6
Fighting       | |  2.4
Dodging        | |  1.9
Invocations    | |  1.5

Action                   || total
-------------------------++-------
Melee: Unarmed           ||    20
  Use: Scroll            ||     1
       Potion            ||     1
Armor: Robe              ||    37
Dodge: Dodged            ||    27

Table legend:
 A = Turns spent in this place as a percentage of turns spent in the entire game.
 B = Non-inter-level travel turns spent in this place as a percentage of non-inter-level travel turns spent in the entire game.
 C = Inter-level travel turns spent in this place as a percentage of turns spent in this place.
 D = Turns resting spent in this place as a percentage of non-inter-level travel turns spent in this place.
 E = Turns spent auto-exploring this place as a percentage of non-inter-level travel turns spent in this place.
 F = Non-inter-level travel turns spent in this place divided by the number of levels of this place that you've seen.
                   A       B       C       D       E      F
               +-------+-------+-------+-------+-------+----------------------
         Total | 100.0 | 100.0 |   0.0 |   0.0 |   0.0 |  31.0
         Abyss | 100.0 | 100.0 |   0.0 |   0.0 |   0.0 |  31.0
               +-------+-------+-------+-------+-------+----------------------

Table legend:
 A = Kills in this place as a percentage of kills in entire the game.
 B = Kills by you in this place as a percentage of kills by you in the entire game.
 C = Kills by friends in this place as a percentage of kills by friends in the entire game.
 D = Other kills in this place as a percentage of other kills in the entire game.
 E = Experience gained in this place as a percentage of experience gained in the entire game.
 F = Experience gained in this place divided by the number of levels of this place that you have seen.
                   A       B       C       D       E      F
               +-------+-------+-------+-------+-------+----------------------
         Total | 100.0 | 100.0 |   N/A |   N/A | 100.0 |  15.3
         Abyss | 100.0 | 100.0 |   N/A |   N/A | 100.0 |  15.3
               +-------+-------+-------+-------+-------+----------------------

Vault maps used:
Abyss:3:  evilmike_abyss_exit_chaos, nicolae_abyss_rune_left_handed,
          minivault_28
